[Event "Leca Open 2022"]
[Site "Leca da Palmeira"]
[Date "2022.07.31"]
[Round "2.6"]
[White "Asensio Linan, Teodoro"]
[Black "Stella, Andrea"]
[Result "0-1"]
[ECO "B50"]
[WhiteElo "2015"]
[BlackElo "2443"]
[Annotator "RC"]
[PlyCount "84"]
[EventDate "2022.08.02"]
[EventType "swiss"]
[EventCountry "POR"]
[SourceTitle "playchess.com"]
[Source "ChessBase"]
[SourceQuality "1"]
[TimeControl "5400+30"]

1. e4 c5 2. Nf3 d6 3. Bc4 Nf6 4. d3 Nc6 5. c3 g6 6. O-O Bg7 7. Nbd2 O-O 8. Bb3 b5 9. a4 b4 10. Nc4 Nd7 11. d4 bxc3 12. bxc3 Ba6 13. Re1 cxd4 14. cxd4 Rc8 15. Rb1 Nxd4 16. Nxd4 Bxc4 17. Be3 Bxb3 18. Nxb3 Nb6 19. Nd4 Nc4 20. Bg5 Qd7 21. Rb4 Rc5 22. Bh4 Rfc8 23. h3 Na3 24. Rf1 Rc4 25. Rxc4 Nxc4 26. Nf3 Nb2 27. Qd2 Nxa4 28. e5 Nc5 29. Rd1 Qc7 30. exd6 exd6 31. Qxd6 Qxd6 32. Rxd6 a5 33. Nd2 a4 34. Nc4 Ne4 35. Rd8+ Rxd8 36. Bxd8 Nd6 37. Na3 Bb2 38. Nc2 a3 39. Be7 Nb5 40. Nb4 Nc3 41. Bf6 Ne2+ 42. Kf1 Nc1 0-1

[Event "Leca Open 2022"]
[Site "Leca da Palmeira"]
[Date "2022.07.31"]
[Round "2.7"]
[White "Abdisalimov, Abdimalik"]
[Black "Zubizarreta Riego, Mikel"]
[Result "1-0"]
[ECO "B41"]
[WhiteElo "2437"]
[BlackElo "1975"]
[Annotator "RC"]
[PlyCount "87"]
[EventDate "2022.08.02"]
[EventType "swiss"]
[EventCountry "POR"]
[SourceTitle "playchess.com"]
[Source "ChessBase"]
[SourceQuality "1"]
[TimeControl "5400+30"]

1. e4 c5 2. Nf3 e6 3. d4 cxd4 4. Nxd4 a6 5. c4 Nf6 6. Nc3 Qc7 7. a3 b6 8. Be2 Bb7 9. f3 d6 10. O-O Nbd7 11. Be3 Be7 12. Rc1 Rc8 13. b4 O-O 14. Nb3 Qb8 15. Kh1 Rfd8 16. Na4 Bc6 17. Nb2 Bb7 18. Qd2 Ba8 19. Na4 Bc6 20. Nc3 Bb7 21. Rfd1 Ba8 22. Bf1 Ne5 23. Na4 Nfd7 24. Qf2 b5 25. Ba7 Qb7 26. Na5 Qc7 27. Bb6 Nxb6 28. Nxb6 Qa7 29. Qg1 Rb8 30. Nxa8 Qxa8 31. cxb5 axb5 32. f4 Nc4 33. Bxc4 bxc4 34. Rxc4 Rbc8 35. Qe3 Qa6 36. Qb3 d5 37. exd5 Rxd5 38. b5 Qa8 39. Nc6 Rxd1+ 40. Qxd1 Bf8 41. a4 Qb7 42. h3 Rc7 43. Qd8 g6 44. Na5 1-0

[Event "Leca Open 2022"]
[Site "Leca da Palmeira"]
[Date "2022.07.31"]
[Round "2.8"]
[White "Marques, Ricardo Taborda Trig"]
[Black "Nigmatov, Ortik"]
[Result "0-1"]
[ECO "E92"]
[WhiteElo "1991"]
[BlackElo "2437"]
[Annotator "RC"]
[PlyCount "84"]
[EventDate "2022.08.02"]
[EventType "swiss"]
[EventCountry "POR"]
[SourceTitle "playchess.com"]
[Source "ChessBase"]
[SourceQuality "1"]
[TimeControl "5400+30"]

1. d4 Nf6 2. c4 g6 3. Nc3 Bg7 4. e4 d6 5. Nf3 O-O 6. Be2 e5 7. Be3 Ng4 8. Bg5 f6 9. Bh4 Nd7 10. h3 Nh6 11. dxe5 dxe5 12. Qd5+ Nf7 13. O-O-O c6 14. Qd3 Qb6 15. Qc2 Nc5 16. g4 Be6 17. Kb1 a5 18. Na4 Nxa4 19. Qxa4 Qc5 20. Nd2 Rfb8 21. Nb3 Qe7 22. Rc1 Bh6 23. Rc2 b6 24. Rd1 g5 25. Bg3 Qe8 26. c5 b5 27. Qa3 a4 28. Nc1 b4 29. Qf3 b3 30. axb3 axb3 31. Rc3 Rb4 32. Nxb3 Rab8 33. Rdd3 Bg7 34. Bd1 Bc4 35. Rd2 Nd8 36. Na5 Bf7 37. Bb3 Ne6 38. Qd3 Ra8 39. Nxc6 Rxb3 40. Rxb3 Nxc5 41. Rc3 Nxd3 42. Rdxd3 Bf8 0-1

[Event "Leca Open 2022"]
[Site "Leca da Palmeira"]
[Date "2022.07.31"]
[Round "2.9"]
[White "Krishna C R G"]
[Black "Pinho, Tiago Filipe"]
[Result "1-0"]
[ECO "A05"]
[WhiteElo "2430"]
[BlackElo "1972"]
[Annotator "RC"]
[PlyCount "73"]
[EventDate "2022.08.02"]
[EventType "swiss"]
[EventCountry "POR"]
[SourceTitle "playchess.com"]
[Source "ChessBase"]
[SourceQuality "1"]
[TimeControl "5400+30"]

1. Nf3 Nf6 2. c4 c5 3. e3 Nc6 4. d4 cxd4 5. exd4 d5 6. h3 g6 7. Nc3 Bg7 8. Be2 O-O 9. O-O b6 10. Bg5 Ne4 11. cxd5 Nxc3 12. bxc3 Qxd5 13. Qb3 Qxb3 14. axb3 e6 15. Ra2 Bb7 16. Rfa1 Rfc8 17. Nd2 h6 18. Bh4 Na5 19. b4 Bd5 20. bxa5 Bxa2 21. Rxa2 bxa5 22. Bc4 Rab8 23. Be7 Bf8 24. Bxf8 Kxf8 25. Kf1 a4 26. Ke2 a3 27. Rxa3 Rb2 28. Bd3 Rc7 29. Ke3 Ke7 30. Nc4 Rb8 31. Ne5 Kf8 32. c4 Ra8 33. Ra6 Rb8 34. c5 Rb3 35. Nc4 Rb4 36. Ra5 Ke7 37. Nd6 1-0

[Event "Leca Open 2022"]
[Site "Leca da Palmeira"]
[Date "2022.07.31"]
[Round "2.10"]
[White "Monteiro, Paulo Alexandre G"]
[Black "Akhvlediani, Irakli"]
[Result "0-1"]
[ECO "E47"]
[WhiteElo "1980"]
[BlackElo "2429"]
[Annotator "RC"]
[PlyCount "74"]
[EventDate "2022.08.02"]
[EventType "swiss"]
[EventCountry "POR"]
[SourceTitle "playchess.com"]
[Source "ChessBase"]
[SourceQuality "1"]
[TimeControl "5400+30"]

1. d4 Nf6 2. c4 e6 3. Nc3 Bb4 4. e3 O-O 5. Bd3 c5 6. Nf3 Nc6 7. O-O Bxc3 8. bxc3 d6 9. e4 e5 10. d5 Ne7 11. Nh4 Ne8 12. g3 Bh3 13. Re1 Qd7 14. f4 g6 15. Qf3 Bg4 16. Qf2 f5 17. exf5 Nxf5 18. Bxf5 Bxf5 19. fxe5 Bd3 20. e6 Qg7 21. Qd2 Bxc4 22. Ng2 Qe5 23. Ne3 Qe4 24. Qg2 Bxd5 25. Qxe4 Bxe4 26. e7 Rf7 27. c4 h5 28. Nd5 Bxd5 29. cxd5 Rf5 30. Re6 Kf7 31. Bb2 Rxd5 32. Rae1 Rf5 33. h3 d5 34. g4 hxg4 35. hxg4 Rf4 36. R6e5 Rxg4+ 37. Kh2 Nf6 0-1

[Event "Leca Open 2022"]
[Site "Leca da Palmeira"]
[Date "2022.07.31"]
[Round "2.11"]
[White "Umetsubo, Cesar Hidemitsu"]
[Black "Bastos Gonzalez, Gonzalo"]
[Result "1/2-1/2"]
[ECO "E42"]
[WhiteElo "2405"]
[BlackElo "1946"]
[Annotator "RC"]
[PlyCount "80"]
[EventDate "2022.08.02"]
[EventType "swiss"]
[EventCountry "POR"]
[SourceTitle "playchess.com"]
[Source "ChessBase"]
[SourceQuality "1"]
[TimeControl "5400+30"]

1. d4 Nf6 2. c4 e6 3. Nc3 Bb4 4. e3 c5 5. Nge2 b6 6. a3 Ba5 7. Rb1 Na6 8. Ng3 Bb7 9. f3 O-O 10. Bd2 cxd4 11. exd4 Bxc3 12. bxc3 Nc7 13. c5 Bc6 14. cxb6 axb6 15. c4 Re8 16. Qc1 Rb8 17. Qb2 d5 18. Bf4 Rb7 19. Rc1 dxc4 20. Bxc4 Ncd5 21. Bd2 Qa8 22. O-O Ra7 23. Ra1 Bb7 24. Rfe1 Ba6 25. Bb3 Bd3 26. a4 Rc8 27. Ne4 Nxe4 28. fxe4 Nf6 29. d5 exd5 30. exd5 Be4 31. Bg5 Bxd5 32. Bxf6 gxf6 33. Ra3 Be4 34. Qxf6 Qc6 35. Qxc6 Bxc6 36. Bc2 Re8 37. Rb1 Rae7 38. Rg3+ Kh8 39. h4 Be4 40. Bxe4 Rxe4 1/2-1/2

[Event "Leca Open 2022"]
[Site "Leca da Palmeira"]
[Date "2022.07.31"]
[Round "2.12"]
[White "De Sousa Da Silva, Armando"]
[Black "Buscara, Sevan"]
[Result "0-1"]
[ECO "D10"]
[WhiteElo "1974"]
[BlackElo "2404"]
[Annotator "RC"]
[PlyCount "60"]
[EventDate "2022.08.02"]
[EventType "swiss"]
[EventCountry "POR"]
[SourceTitle "playchess.com"]
[Source "ChessBase"]
[SourceQuality "1"]
[TimeControl "5400+30"]

1. d4 d5 2. c4 c6 3. cxd5 cxd5 4. Nc3 Nf6 5. Nf3 Nc6 6. Bg5 Ne4 7. Bf4 e6 8. e3 Bb4 9. Qb3 g5 10. Be5 f6 11. Bg3 h5 12. h3 Nxg3 13. fxg3 Bd6 14. O-O-O f5 15. Bd3 Bxg3 16. Ne2 Na5 17. Qc3 Bd7 18. Kb1 Rc8 19. Qd2 Bd6 20. Nxg5 Nc4 21. Bxc4 Rxc4 22. h4 Bb4 23. Nc3 Bxc3 24. bxc3 Qa5 25. Rc1 Ke7 26. Nf3 Rhc8 27. e4 f4 28. Qxf4 R8c6 29. Qg5+ Kf8 30. Ne5 Rb6+ 0-1

[Event "Leca Open 2022"]
[Site "Leca da Palmeira"]
[Date "2022.07.31"]
[Round "2.13"]
[White "Pierrot, Facundo"]
[Black "Harisurya Bharadwaj Gundepudi"]
[Result "1-0"]
[ECO "B15"]
[WhiteElo "2371"]
[BlackElo "1924"]
[Annotator "RC"]
[PlyCount "83"]
[EventDate "2022.08.02"]
[EventType "swiss"]
[EventCountry "POR"]
[SourceTitle "playchess.com"]
[Source "ChessBase"]
[SourceQuality "1"]
[TimeControl "5400+30"]

1. e4 c6 2. d4 d5 3. Nd2 dxe4 4. Nxe4 Nf6 5. Nxf6+ exf6 6. c3 Bd6 7. Bd3 O-O 8. Ne2 Re8 9. O-O Nd7 10. Bf4 Nf8 11. Qd2 Bg4 12. Rfe1 Bxe2 13. Bxe2 Qc7 14. Bg3 Bxg3 15. hxg3 Re7 16. Bc4 Rae8 17. Rxe7 Qxe7 18. b4 Nd7 19. a4 g6 20. a5 f5 21. d5 cxd5 22. Bxd5 Nf6 23. Bf3 Kg7 24. Qd4 Qc7 25. c4 b6 26. axb6 axb6 27. Rc1 Rd8 28. Qb2 Rb8 29. Qa1 Qe7 30. c5 bxc5 31. bxc5 Rc8 32. Qd4 Qd7 33. Qc3 Rc7 34. c6 Qe6 35. Re1 Qd6 36. Rb1 Qe7 37. Rb7 Qd6 38. Rxc7 Qxc7 39. g4 fxg4 40. Bxg4 g5 41. Bf5 h6 42. g4 1-0

[Event "Leca Open 2022"]
[Site "Leca da Palmeira"]
[Date "2022.07.31"]
[Round "2.14"]
[White "Goncalves, Samuel Jesus P"]
[Black "Colijn, Stefan"]
[Result "1-0"]
[ECO "E06"]
[WhiteElo "1957"]
[BlackElo "2336"]
[Annotator "RC"]
[PlyCount "113"]
[EventDate "2022.08.02"]
[EventType "swiss"]
[EventCountry "POR"]
[SourceTitle "playchess.com"]
[Source "ChessBase"]
[SourceQuality "1"]
[TimeControl "5400+30"]

1. d4 Nf6 2. c4 e6 3. g3 d5 4. Bg2 Be7 5. Nf3 O-O 6. O-O dxc4 7. Qc2 a6 8. a4 Bd7 9. Qxc4 Bc6 10. Bg5 a5 11. Nc3 Bxf3 12. Bxf3 c6 13. Rfd1 Na6 14. e4 Nb4 15. Rac1 Rc8 16. h4 Rc7 17. Rd2 Ne8 18. Bf4 Bd6 19. e5 Be7 20. Qe2 Rd7 21. Rcd1 Nc7 22. Be4 Ncd5 23. Qh5 g6 24. Qh6 Re8 25. Kg2 Bf8 26. Qg5 Qxg5 27. hxg5 Nxf4+ 28. gxf4 Nd5 29. Bxd5 exd5 30. Rh1 Bb4 31. Rd3 Bxc3 32. Rxc3 Kg7 33. f5 gxf5 34. Kg3 Re6 35. Kf4 h6 36. Kxf5 hxg5 37. Rch3 Kf8 38. Rh8+ Ke7 39. Ra8 Rd8 40. Rxa5 Kd7 41. Rh7 Rf8 42. Kxg5 Kc7 43. Rc5 b6 44. Rc3 c5 45. f4 Rc6 46. f5 Kd7 47. Re3 Rg8+ 48. Kf4 cxd4 49. e6+ Kd8 50. exf7 Rf8 51. Rd3 Ke7 52. Rxd4 Rxf7 53. Rxf7+ Kxf7 54. Ke5 Rc2 55. b4 Ke7 56. Kxd5 Rf2 57. Kc6 1-0

[Event "Leca Open 2022"]
[Site "Leca da Palmeira"]
[Date "2022.07.31"]
[Round "2.15"]
[White "Martins, Bruno Andre Leite"]
[Black "Santos, Micael"]
[Result "1-0"]
[ECO "B33"]
[WhiteElo "2331"]
[BlackElo "1899"]
[Annotator "RC"]
[PlyCount "63"]
[EventDate "2022.08.02"]
[EventType "swiss"]
[EventCountry "POR"]
[SourceTitle "playchess.com"]
[Source "ChessBase"]
[SourceQuality "1"]
[TimeControl "5400+30"]

1. e4 c5 2. Nf3 Nc6 3. d4 cxd4 4. Nxd4 Nf6 5. Nc3 e6 6. Ndb5 a6 7. Nd6+ Bxd6 8. Qxd6 Qe7 9. Bf4 O-O 10. Qxe7 Nxe7 11. Bd6 Re8 12. f3 b5 13. a4 bxa4 14. Nxa4 Ra7 15. Nc5 Nc6 16. Bc4 a5 17. Kf2 Kh8 18. Rhd1 Ng8 19. c3 Nge7 20. b4 Ng6 21. b5 Nce5 22. Be2 f5 23. f4 Nf7 24. b6 Rb7 25. Nxb7 Bxb7 26. exf5 Nxd6 27. Rxd6 Nxf4 28. Bf3 Bxf3 29. Kxf3 g5 30. Rxa5 Nd5 31. Rdxd5 exd5 32. b7 1-0

[Event "Leca Open 2022"]
[Site "Leca da Palmeira"]
[Date "2022.08.01"]
[Round "3.1"]
[White "Balaji, Aaravamudhan"]
[Black "Motylev, Alexander"]
[Result "0-1"]
[ECO "E24"]
[WhiteElo "2228"]
[BlackElo "2632"]
[Annotator "TA"]
[PlyCount "68"]
[EventDate "2022.08.02"]
[EventType "swiss"]
[EventCountry "POR"]
[SourceTitle "playchess.com"]
[Source "ChessBase"]
[SourceQuality "1"]
[TimeControl "5400+30"]

1. d4 Nf6 2. c4 e6 3. Nc3 Bb4 4. a3 Bxc3+ 5. bxc3 b6 6. f3 Nc6 {[%emt 0:00:15] E24: Nimzo-Indian: Sämisch: Unusual Black 5th moves and 5...c5 sidelines.} 7. e4 Na5 $1 {[%emt 0:00:18][%mdl 4] is recently more successful than 7...Ba6.} 8. Bg5 d6 {[%emt 0:00:53] The position is equal.} 9. Bd3 $1 h6 10. Bh4 g5 11. Bf2 Ba6 12. Ne2 Qd7 {[%emt 0:10:29] [#]} (12... Bxc4 $2 13. Bxc4 Nxc4 14. Qa4+ Qd7 15. Qxc4 $18) 13. Nc1 $146 (13. h4 $11 g4 14. c5 Bxd3 15. Qxd3) ({Predecessor:} 13. e5 dxe5 14. dxe5 Nh5 15. g4 Bb7 16. gxh5 Bxf3 17. Rf1 Bxh5 18. Be4 O-O-O 19. Qxd7+ Rxd7 {0-1 (30) Mirzoev,E (2412)-Schlosser,P (2501) Pardubice 2018}) 13... Bxc4 $17 {[%emt 0:03:18] Black converts the advantage convincingly.} 14. Bxc4 Nxc4 {[%emt 0:00:55] Pair of Knights!} 15. a4 Qc6 {[%emt 0:10:18][%cal Oc4e3] Black is more active.} 16. Qe2 {[%emt 0:07:54] Inhibits Ne3.} d5 17. Nd3 a5 {[%emt 0:01:40][%cal Rd5e4] Prevents Nb4.} ({But not} 17... dxe4 18. Nb4 exf3 19. gxf3 $16) 18. O-O (18. exd5 $17 Nxd5 19. O-O) 18... dxe4 $19 19. Ne5 (19. fxe4 $142 Qxe4 20. Qc2) 19... Nxe5 20. dxe5 exf3 21. Qxf3 Qxf3 22. gxf3 Nd5 23. c4 Nf4 24. Ra2 Nd3 25. Rc2 O-O-O (25... Nxe5 $2 26. Bd4 f6 27. c5 $19) 26. c5 Kb7 ({Not} 26... Nxc5 $2 27. Bxc5 bxc5 28. Rfc1 $19) (26... Nxe5 27. cxb6 c6 28. Bg3 $17) 27. Rb1 Nxe5 28. Kg2 Rd5 29. cxb6 c6 30. Bg3 Nd3 31. Rc4 e5 32. Rb3 Rhd8 {[%emt 0:01:47] Black is clearly winning.} 33. Rbc3 R8d6 34. Re4 f6 {[%emt 0:00:49] Weighted Error Value: White=0.26 (precise) /Black=0.07 (flawless)} 0-1

[Event "Leca Open 2022"]
[Site "Leca da Palmeira"]
[Date "2022.08.01"]
[Round "3.2"]
[White "Perez Candelario, Manuel"]
[Black "Garcia Dorado, Alberto"]
[Result "1/2-1/2"]
[ECO "C10"]
[WhiteElo "2578"]
[BlackElo "2206"]
[Annotator "TA"]
[PlyCount "152"]
[EventDate "2022.08.02"]
[EventType "swiss"]
[EventCountry "POR"]
[SourceTitle "playchess.com"]
[Source "ChessBase"]
[SourceQuality "1"]
[TimeControl "5400+30"]

1. e4 e6 2. d4 d5 3. Nc3 dxe4 4. Nxe4 Nd7 5. Nf3 Ngf6 6. Nxf6+ Nxf6 7. c3 c5 8. Be3 $1 {[%emt 0:00:30][%mdl 4] is more profitable than 8.Ne5 at the moment. C10: French with 3 Nc3: Unusual Black 3rd moves and 3...dxe4.} Qc7 9. Bb5+ (9. Ne5 {feels hotter.} a6 10. Qa4+ Bd7 11. Nxd7 Nxd7 12. g3) 9... Bd7 10. Bxd7+ {[%emt 0:00:05] White has an edge.} (10. Qa4 {keeps more tension.} Be7 11. Ne5 Bxb5 12. Qxb5+ Kf8 13. Rd1) 10... Nxd7 11. d5 (11. Qa4 {looks sharper.} Be7 12. Ne5 Rd8 13. O-O) 11... exd5 12. Qxd5 Nf6 {[%emt 0:00:33] [#]} 13. Qe5+ $146 ({Predecessor:} 13. Qc4 Bd6 14. Bg5 Qe7+ 15. Kf1 O-O 16. Re1 Qd8 17. g3 h6 18. Bxf6 Qxf6 19. Kg2 {1-0 (47) Duda,J (2734)-Meier,G (2628) chess24.com INT 2020}) 13... Qxe5 14. Nxe5 Nd5 15. Bd2 f6 16. Nc4 O-O-O 17. a4 Bd6 18. O-O-O Nb6 19. Nxb6+ axb6 20. Kc2 Kc7 21. Rhe1 Rhe8 22. h3 Kc6 23. c4 Rxe1 24. Rxe1 $11 {[%emt 0:01:01][%mdl 4096] Endgame KRB-KRB} Ra8 25. b3 f5 26. h4 Kd7 27. Re3 Re8 28. Rf3 Rf8 29. h5 Be5 30. Rd3+ Kc6 31. Rd5 Bd6 32. b4 {[%emt 0:01:06] Hoping for b5+.} g6 33. b5+ Kc7 34. a5 bxa5 $1 35. Bxa5+ Kd7 36. hxg6 hxg6 37. Bb6 Rc8 38. Rd1 g5 39. f3 (39. Rd5 $5 ) 39... Ke6 40. Rd5 Be7 (40... Rh8 $11) 41. g4 (41. Kd3 $16) 41... fxg4 $1 {[%emt 0:00:04] The position is equal.} 42. fxg4 {[%emt 0:00:03] Threatens to win with Kd3.} Rf8 43. Bc7 ({Not} 43. Bxc5 $2 Rc8 44. Bxe7 Rxc4+ 45. Kb3 Kxd5 46. Bxg5 Rxg4 $19) 43... Rf2+ 44. Rd2 Rf1 45. Re2+ Kd7 46. Be5 Rg1 47. Re4 Bd6 48. Kb3 b6 49. Bf6 Bf4 50. Re7+ Kc8 51. Re6 Kc7 52. Rc6+ Kb7 53. Bd8 Rb1+ 54. Ka2 Rb4 55. Rxb6+ Kc8 56. Be7 Rxc4 57. Rc6+ Kb7 58. Rxc5 Re4 59. Bxg5 Bc7 60. Kb3 {[%emt 0:00:56] And now Rc4 would win.} Rxg4 61. Bd2 Rg3+ 62. Kc4 {[%emt 0:00:41][%cal Oc5c7] [#] Threatening mate with Rxc7+!} Rg4+ 63. Kb3 Rg3+ 64. Kc2 Rh3 65. Rd5 Rh8 66. Be3 Re8 67. Rd3 Rd8 68. Ra3 Bb6 69. Bd2 Rd5 70. Rb3 Bc5 71. Ba5 Bb6 72. Be1 Bc5 73. Rb1 Kb6 74. Kc3 Be3 75. Kc4 Rc5+ 76. Kd3 Rxb5 {[%emt 0:00:04] Weighted Error Value: White=0.06 (flawless) /Black=0.06 (flawless)} 1/2-1/2

[Event "Leca Open 2022"]
[Site "Leca da Palmeira"]
[Date "2022.08.01"]
[Round "3.3"]
[White "Spraggett, Kevin"]
[Black "Borges, Guilherme Deola"]
[Result "1-0"]
[ECO "B44"]
[WhiteElo "2487"]
[BlackElo "2185"]
[Annotator "RC"]
[PlyCount "47"]
[EventDate "2022.08.02"]
[EventType "swiss"]
[EventCountry "POR"]
[SourceTitle "playchess.com"]
[Source "ChessBase"]
[SourceQuality "1"]
[TimeControl "5400+30"]

1. e4 c5 2. Nf3 e6 3. d4 cxd4 4. Nxd4 Nc6 5. Nb5 d6 6. c4 Nf6 7. N5c3 Be7 8. Be2 b6 9. O-O Bb7 10. Bf4 O-O 11. Re1 Ne5 12. Nd2 h6 13. Rc1 g5 14. Bg3 Rc8 15. a3 Qc7 16. b4 Qb8 17. h3 Qa8 18. Bf1 Kh7 19. Nf3 Nxf3+ 20. Qxf3 Nd7 21. Nd5 Ne5 22. Bxe5 exd5 23. Qf5+ Kg8 24. exd5 1-0

[Event "Leca Open 2022"]
[Site "Leca da Palmeira"]
[Date "2022.08.01"]
[Round "3.4"]
[White "Pena Duarte, Fabian Dario"]
[Black "Das, Sayantan"]
[Result "0-1"]
[ECO "A04"]
[WhiteElo "2224"]
[BlackElo "2449"]
[Annotator "RC"]
[PlyCount "66"]
[EventDate "2022.08.02"]
[EventType "swiss"]
[EventCountry "POR"]
[SourceTitle "playchess.com"]
[Source "ChessBase"]
[SourceQuality "1"]
[TimeControl "5400+30"]

1. Nf3 c5 2. b3 g6 3. Bb2 Nf6 4. Nc3 d5 5. e3 Bg7 6. Be2 O-O 7. O-O Ne4 8. Na4 Bxb2 9. Nxb2 Nc6 10. c4 d4 11. Qb1 f5 12. Bd3 Nf6 13. exd4 Nxd4 14. Ne5 Qd6 15. f4 Ne6 16. g3 b6 17. Nd1 Bb7 18. Nc3 Nd4 19. Qe1 Nd7 20. Nxd7 Qxd7 21. Qe3 Qc6 22. Nd5 Rae8 23. Qxe7 Rf7 24. Qg5 Kg7 25. g4 Ne6 26. Qh4 Nc7 27. Qg3 Nxd5 28. cxd5 Qxd5 29. Bc4 Qd4+ 30. Qf2 Qe4 31. Qg3 Rd7 32. d3 Qc6 33. d4 Re3 0-1

[Event "Leca Open 2022"]
[Site "Leca da Palmeira"]
[Date "2022.08.01"]
[Round "3.5"]
[White "Stella, Andrea"]
[Black "Chua, Chee Sian Sebastien"]
[Result "1-0"]
[ECO "B51"]
[WhiteElo "2443"]
[BlackElo "2123"]
[Annotator "RC"]
[PlyCount "79"]
[EventDate "2022.08.02"]
[EventType "swiss"]
[EventCountry "POR"]
[SourceTitle "playchess.com"]
[Source "ChessBase"]
[SourceQuality "1"]
[TimeControl "5400+30"]

1. e4 c5 2. Nf3 d6 3. Bb5+ Nd7 4. c4 a6 5. Ba4 Ngf6 6. Nc3 e6 7. O-O Be7 8. d4 cxd4 9. Nxd4 O-O 10. Qe2 Qc7 11. Kh1 Ne5 12. Bb3 Bd7 13. f4 Nc6 14. Be3 Rac8 15. Nxc6 Bxc6 16. Bd4 e5 17. fxe5 dxe5 18. Bf2 b5 19. Nd5 Nxd5 20. cxd5 Bd7 21. Qd2 Bc5 22. Rac1 Qb6 23. Rxc5 Rxc5 24. d6 b4 25. Bxc5 Qxc5 26. h3 a5 27. Rc1 Qb6 28. Rc7 Be6 29. Kh2 h6 30. Bxe6 fxe6 31. Qd1 Qf2 32. Qg4 Qf6 33. Re7 Rf7 34. Re8+ Kh7 35. Rxe6 Qf4+ 36. Qxf4 exf4 37. e5 f3 38. gxf3 Rxf3 39. d7 Rd3 40. Rd6 1-0

[Event "Leca Open 2022"]
[Site "Leca da Palmeira"]
[Date "2022.08.01"]
[Round "3.6"]
[White "Mahitosh Dey"]
[Black "Abdisalimov, Abdimalik"]
[Result "0-1"]
[ECO "A46"]
[WhiteElo "2212"]
[BlackElo "2437"]
[Annotator "RC"]
[PlyCount "114"]
[EventDate "2022.08.02"]
[EventType "swiss"]
[EventCountry "POR"]
[SourceTitle "playchess.com"]
[Source "ChessBase"]
[SourceQuality "1"]
[TimeControl "5400+30"]

1. d4 Nf6 2. Nf3 e6 3. Bf4 d5 4. e3 c5 5. c3 Nc6 6. Nbd2 cxd4 7. cxd4 Nh5 8. Bg5 Qb6 9. Qb3 h6 10. Bh4 g5 11. Bg3 g4 12. Ne5 Nxg3 13. hxg3 Qxb3 14. Nxb3 Nxe5 15. dxe5 Rg8 16. Rh5 Bd7 17. Be2 Rc8 18. Rc1 Rc6 19. Rh4 Rxc1+ 20. Nxc1 Rg5 21. Rxg4 Rxe5 22. Rh4 Bg7 23. Nd3 Re4 24. b3 Rxh4 25. gxh4 e5 26. f3 f5 27. g4 fxg4 28. fxg4 Ke7 29. Kf2 Kd6 30. Kg3 Bf6 31. Nf2 e4 32. Nh3 Bc3 33. g5 hxg5 34. hxg5 Be1+ 35. Nf2 Be6 36. Kg2 Bd2 37. Nd1 Ke5 38. g6 Kf6 39. Kg3 Be1+ 40. Kf4 Ba5 41. Kg3 Kxg6 42. Bg4 Be1+ 43. Kf4 Kf6 44. Bxe6 Kxe6 45. Nb2 b5 46. a4 a6 47. Nd1 Bd2 48. Kg3 Ke5 49. Kf2 d4 50. exd4+ Kxd4 51. Ke2 e3 52. Nb2 Kc3 53. Nd3 Kxb3 54. Nc5+ Kc4 55. Ne4 b4 56. Nd6+ Kc3 57. Ne4+ Kc2 0-1

[Event "Leca Open 2022"]
[Site "Leca da Palmeira"]
[Date "2022.08.01"]
[Round "3.7"]
[White "Nigmatov, Ortik"]
[Black "Akshit Kumar J"]
[Result "1-0"]
[ECO "C42"]
[WhiteElo "2437"]
[BlackElo "2103"]
[Annotator "RC"]
[PlyCount "43"]
[EventDate "2022.08.02"]
[EventType "swiss"]
[EventCountry "POR"]
[SourceTitle "playchess.com"]
[Source "ChessBase"]
[SourceQuality "1"]
[TimeControl "5400+30"]

1. e4 e5 2. Nf3 Nf6 3. Nxe5 d6 4. Nc4 Nxe4 5. Qe2 Qe7 6. Ne3 c6 7. b3 Qe5 8. c3 d5 9. Bb2 Be6 10. g3 Nd7 11. Bg2 Qc7 12. f4 f5 13. d3 Nec5 14. Nxf5 O-O-O 15. Nd4 Re8 16. O-O Bf7 17. Qd1 Re3 18. b4 Qb6 19. Bc1 Rxd3 20. bxc5 Nxc5 21. Qc2 Be7 22. Qf2 1-0

[Event "Leca Open 2022"]
[Site "Leca da Palmeira"]
[Date "2022.08.01"]
[Round "3.8"]
[White "Balje, Jan"]
[Black "Krishna C R G"]
[Result "0-1"]
[ECO "A89"]
[WhiteElo "2190"]
[BlackElo "2430"]
[Annotator "RC"]
[PlyCount "52"]
[EventDate "2022.08.02"]
[EventType "swiss"]
[EventCountry "POR"]
[SourceTitle "playchess.com"]
[Source "ChessBase"]
[SourceQuality "1"]
[TimeControl "5400+30"]

1. d4 f5 2. g3 Nf6 3. Bg2 g6 4. Nf3 Bg7 5. O-O O-O 6. c4 d6 7. Nc3 Nc6 8. d5 Ne5 9. Nxe5 dxe5 10. Qb3 Kh8 11. c5 h6 12. Rd1 g5 13. Bd2 e4 14. f3 exf3 15. exf3 f4 16. gxf4 gxf4 17. Bxf4 Nh5 18. Bg3 a5 19. d6 exd6 20. cxd6 Nxg3 21. hxg3 cxd6 22. Ne4 a4 23. Qe3 d5 24. a3 d4 25. Qd2 Ra6 26. Rac1 Rg6 0-1

[Event "Leca Open 2022"]
[Site "Leca da Palmeira"]
[Date "2022.08.01"]
[Round "3.9"]
[White "Akhvlediani, Irakli"]
[Black "Goncalves, Samuel Jesus P"]
[Result "1-0"]
[ECO "D12"]
[WhiteElo "2429"]
[BlackElo "1957"]
[Annotator "RC"]
[PlyCount "105"]
[EventDate "2022.08.02"]
[EventType "swiss"]
[EventCountry "POR"]
[SourceTitle "playchess.com"]
[Source "ChessBase"]
[SourceQuality "1"]
[TimeControl "5400+30"]

1. d4 d5 2. c4 c6 3. Nf3 Nf6 4. e3 Bf5 5. Nc3 e6 6. Nh4 Be4 7. f3 Bg6 8. Bd2 Be7 9. Nxg6 hxg6 10. Qb3 Qc7 11. cxd5 exd5 12. O-O-O Nbd7 13. e4 dxe4 14. fxe4 Ng4 15. Rg1 Qb6 16. Qa4 Qb4 17. Qxb4 Bxb4 18. h3 Ngf6 19. e5 Bxc3 20. bxc3 Ne4 21. Be1 O-O 22. h4 f5 23. Bc4+ Kh7 24. Bd3 Nb6 25. g4 Nd5 26. Kb2 Nf4 27. Bc2 Nd5 28. Rb1 Ne3 29. Bd3 Rad8 30. h5 gxh5 31. gxf5 Nc5 32. Be2 Na4+ 33. Kb3 Nb6 34. Bh4 Rd5 35. f6 gxf6 36. Bxf6 Ng4 37. Bxg4 hxg4 38. Rxg4 Rb5+ 39. Kc2 Rxb1 40. Rg7+ Kh6 41. Kxb1 Nd5 42. Rxb7 Kg6 43. Kb2 Kf5 44. a4 a5 45. Kb3 Ke4 46. Kc4 Rc8 47. Be7 Nf4 48. Ba3 Nd5 49. Bb2 Kf5 50. Kc5 Ke6 51. c4 Nb4 52. Bc3 Nd3+ 53. Kb6 1-0